 Dungeon Crawl Stone Soup version 0.27.1-16-g815e20cd7a (webtiles) character file.

Game seed: 1521201383870170166

105 bearlyready the Ruffian (level 4, -4/36 HPs)
             Began as a Ghoul Gladiator on Nov 21, 2021.
             Slain by an iguana (13 damage)
             ... on level 4 of the Dungeon.
             The game lasted 00:02:52 (2591 turns).

bearlyready the Ruffian (Ghoul Gladiator)           Turns: 2591, Time: 00:02:53

Health: -4/36      AC:  5    Str: 18    XL:     4   Next: 83%
Magic:  3/3        EV: 12    Int:  3    God:
Gold:   152        SH:  0    Dex: 10    Spells: 3/3 levels left

rFire    . . .     SeeInvis .     - Unarmed
rCold    + . .     Faith    +   (no shield)
rNeg     + + +     Spirit   .   a - +0 leather armour
rPois    ∞         Reflect  .   b - +0 helmet
rElec    .         Harm     .   l - +0 cloak
rCorr    .         Rampage  .   (no gloves)
Will     .....                  (no boots)
Stlth    +.........             d - amulet of faith
HPRegen  0.00/turn              (no ring)
MPRegen  0.08/turn              (no ring)

@: inhibited regen
A: claws 1, cold resistance 1, negative energy resistance 3, inhibited
regeneration, torment resistance 2
a: no special abilities


You were on level 4 of the Dungeon.
You visited 1 branch of the dungeon, and saw 4 of its levels.

You collected 152 gold pieces.

Inventory:

Missiles
 c - 3 throwing nets (quivered)
 h - 57 stones
 n - 6 poisoned darts
 s - 4 silver boomerangs
Armour
 a - a +0 leather armour (worn)
 b - a +0 helmet (worn)
 l - a +0 cloak (worn)
Jewellery
 d - an amulet of faith (around neck)
Wands
 m - a wand of polymorph (13)
Scrolls
 e - 2 scrolls of identify {unknown}
 i - a scroll of vulnerability {unknown}
 o - a scroll of teleportation {unknown}
 p - a scroll of immolation {unknown}
 r - a scroll of enchant weapon {unknown}
Potions
 f - 2 potions of mutation {unknown}
 g - 3 potions of curing {unknown}
 j - a potion of haste {unknown}
 k - a potion of might {unknown}
 q - 2 potions of heal wounds {unknown}


   Skills:
 - Level 2.1 Fighting
 + Level 2.2 Throwing
 - Level 2.6 Dodging
 + Level 5.6 Unarmed Combat


You had 3 spell levels left.
You didn't know any spells.
Your spell library contained the following spells:

 Spells                   Type           Power      Damage    Failure   Level
 Olgreb's Toxic Radiance  Pois           0%         N/A       100%        4
 Ozocubu's Refrigeration  Ice            0%         4d5       100%        7
 Ignition                 Fire           0%         3d3       100%        8


Dungeon Overview and Level Annotations

Branches:
Dungeon (4/15)
 Temple: D:4-7

Altars:


Innate Abilities, Weirdness & Mutations

You thrive by killing the living.
You are immune to poison.
You have sharp fingernails.
Your flesh is cold resistant. (rC+)
You are immune to negative energy. (rN+++)
You do not regenerate when monsters are visible.
You are immune to unholy pain and torment.


Message History

No target in view!
No target in view!
No target in view!
No target in view!
No target in view!
No target in view!
No target in view!
No target in view!
No target in view!
No target in view!
No target in view!
No target in view!
The iguana bites you!
You barely miss the iguana. The iguana barely misses you.
You scratch the iguana.
The iguana is moderately wounded.
You closely miss the iguana.
The iguana is moderately wounded.
The iguana closely misses you.
You scratch the iguana.
The iguana is heavily wounded.
The iguana closely misses you.
You closely miss the iguana.
The iguana is heavily wounded.
The iguana bites you!
You are too injured to fight recklessly!
You are too injured to fight recklessly!
You are too injured to fight recklessly!
You are too injured to fight recklessly!
You are too injured to fight recklessly!
You are too injured to fight recklessly!
You are too injured to fight recklessly!
You scratch the iguana but do no damage.
The iguana is heavily wounded.
The iguana bites you!
* * * LOW HITPOINT WARNING * * *
You scratch the iguana but do no damage.
The iguana is heavily wounded.
The iguana bites you!
You die...

### #.... ##.## #...#
#...# #...# #...##
###...# #?...# #.....#
. ###.@l##
#.....##+##.
#......###...........
##.....#.............
##..................
#.......##)......##
#........#.........#
#...8................
..........##..........
.....8....###....#...#


You could see an iguana.

Vanquished Creatures
  4 adders (D:2)
  A worm (D:3)
  A dart slug (D:3)
  6 ball pythons
  5 bats
  6 endoplasms
  5 hobgoblins
  7 jackals
  5 frilled lizards
  5 goblins
  6 kobolds
  16 rats
67 creatures vanquished.

Notes
Turn   | Place    | Note
-------+----------+-------------------------------------------
     0 | D:1      | bearlyready the Ghoul Gladiator began the quest for the
                  | Orb.
     0 | D:1      | Reached XP level 1. HP: 17/17 MP: 0/0
   122 | D:1      | Reached XP level 2. HP: 18/24 MP: 1/1
   124 | D:1      | Reached skill level 4 in Unarmed Combat
   517 | D:1      | Reached XP level 3. HP: 29/29 MP: 2/2
  1109 | D:2      | Reached skill level 5 in Unarmed Combat
  1129 | D:2      | Reached XP level 4. HP: 22/36 MP: 3/3
  2164 | D:3      | Found a faded altar of an unknown god.
  2591 | D:4      | Slain by an iguana

Illustrated notes

Levels and vault maps discovered:
D:1:      sevenhm_arrival_forest_fort_large_1, layout_loops_ring,
          minmay_circled_x
D:2:      layout_loops_cross, serial_forest, infiniplex_forest_lined_1,
          infiniplex_forest_straight_3, infiniplex_forest_clump_curved,
          infiniplex_forest_end_2, chequers_serial_rivers_micro_a,
          grunt_ministairs_2, minmay_rat_gold_closets
D:3:      layout_loops_cross, chequers_ecumenical_altar_island
D:4:      layout_cave_pools, temple_hall, serial_column_ruins, column_ruins_hut,
          column_ruins_hut_pillars, column_ruins_open_tiny,
          column_ruins_open_tiny, column_ruins_columns_straight,
          column_ruins_grid_2, column_ruins_grid_1, column_ruins_grid_4,
          kennysheep_generic_room_8

Skill      XL: |  1  2  3  4 |
---------------+-------------+-----
Unarmed Combat | 4 5 |  5.6
Throwing       | 2 |  2.2
Fighting       | |  2.1
Dodging        | |  2.6

Action                   |  1- 3 |  4- 6 || total
-------------------------+-------+-------++-------
Melee: Unarmed           |   100 |    74 ||   174
       Punch             |     1 |       ||     1
Armor: Leather armour    |    30 |    19 ||    49
Dodge: Dodged            |    80 |    33 ||   113
